 Dungeon Crawl Stone Soup version 0.27.1-3-gb3d3a73c9e (webtiles) character file.

Game seed: 8297909322655897341

159 CurlyBrace the Sneak (level 5, -3/21 HPs)
             Began as a Felid Fire Elementalist on Oct 23, 2021.
             Slain by an orc (10 damage)
             ... on level 5 of the Dungeon.
             The game lasted 00:12:22 (771 turns).

CurlyBrace the Sneak (Felid Fire Elementalist)       Turns: 771, Time: 00:12:23

Health: -3/21      AC:  1    Str:  5    XL:     5   Next: 17%
Magic:  4/10       EV: 19    Int: 17    God:
Gold:   126        SH:  0    Dex: 16    Spells: 3/10 levels left
                                        Lives:  0   Deaths: 1

rFire    + . .     SeeInvis +   (weapon unavailable)
rCold    + . .     Faith    .   (shield unavailable)
rNeg     . . .     Spirit   .   (armour unavailable)
rPois    +         Reflect  .   (helmet unavailable)
rElec    +         Harm     .   (cloak unavailable)
rCorr    +         Rampage  .   (gloves unavailable)
Will     .....                  (boots unavailable)
Stlth    +++.......             (no amulet)
HPRegen  0.07/turn              (no ring)
MPRegen  0.12/turn              (no ring)

@: resistant, quick
A: very small, claws 1, fangs 3, see invisible, speed 1, shaggy fur 1, stealthy
paws, no weapons or thrown items, no armour, multi-lived
a: no special abilities


You were on level 5 of the Dungeon.
You visited 1 branch of the dungeon, and saw 5 of its levels.

You collected 126 gold pieces.

Inventory:

Wands
 b - a wand of iceblast (2)
   (You found it on level 5 of the Dungeon)
Scrolls
 a - 2 scrolls of fear
 c - a scroll of amnesia {unknown}


   Skills:
 - Level 0.4 Fighting
 + Level 4.8 Dodging
 + Level 5.0 Stealth
 - Level 3.0 Spellcasting
 - Level 1.6 Conjurations
 - Level 2.0 Hexes
 - Level 3.1 Fire Magic


You had 3 spell levels left.
You knew the following spells:

 Your Spells              Type           Power      Damage    Failure   Level
a - Foxfire               Conj/Fire      40%        2x1d6     7%          1
b - Inner Flame           Hex/Fire       11%        N/A       19%         3
c - Conjure Flame         Conj/Fire      10%        6-21      21%         3

Your spell library contained the following spells:

 Spells                   Type           Power      Damage    Failure   Level
 Ensorcelled Hibernation  Hex/Ice        10%        N/A       17%         2
 Corpse Rot               Necr/Air       N/A        N/A       26%         2
 Poisonous Vapours        Pois/Air       4%         N/A       26%         2
 Stone Arrow              Conj/Erth      10%        3d7       36%         3
 Spider Form              Tmut/Pois      1%         N/A       45%         3
 Sticky Flame             Conj/Fire      10%        2d3       54%         4
 Fireball                 Conj/Fire      5%         3d5       88%         5
 Freezing Cloud           Conj/Ice/Air   2%         6-21      98%         5
 Shadow Creatures         Summ           N/A        N/A       100%        6
 Lehudib's Crystal Spear  Conj/Erth      2%         10d2      100%        8
 Animate Armour           Summ/Erth      Unusable   N/A       N/A         4

Dungeon Overview and Level Annotations

Branches:
Dungeon (5/15)
 Temple: D:4-7

Altars:
Okawaru

Annotations:
D:3 Ijyb, Purgy
D:4 exclusion: upstairs
D:5 2 runed translucent doors, harness's ghost, novice DrTm


Innate Abilities, Weirdness & Mutations

You have sharp claws.
You have razor-sharp teeth.
You have supernaturally acute eyesight. (SInv)
You cover ground quickly. (Speed+)
You are covered in fur. (AC +1)
Your paws help you pounce on unaware monsters.
You are incapable of wielding weapons or throwing items.
You cannot wear armour.
You gain extra lives every three experience levels.


Message History

Found a scroll labelled FIV UNITUCIO and a grey potion.
Found a stone staircase leading down.
Found 16 stones.
An ogre comes into view. It is wielding a +0 giant spiked club.
You see here a grey potion.
It was a potion of resistance.
You feel protected.
The bullfrog skeleton barely misses you.
Unknown command.
The bullfrog skeleton hits you.
Casting: Foxfire (safe; 7% risk of failure)
Confirm with . or Enter, or press ? or * to list all spells.
The spell is potentially lethal to cast (21% risk of failure)!
Continue anyway?
The fire begins to smoulder!
The bullfrog skeleton closely misses you.
The fire ignites!
The bullfrog skeleton barely misses you.
Unknown command.
Unknown command.
The bullfrog skeleton hits you.
The bullfrog skeleton closely misses you.
Unknown command.
The bullfrog skeleton is engulfed in blazing flames.
The bullfrog skeleton barely misses you.
Unknown command.
You scratch the bullfrog skeleton but do no damage.
The bullfrog skeleton is severely damaged.
The bullfrog skeleton is engulfed in blazing flames.
The bullfrog skeleton closely misses you.
Unknown command.
You barely miss the orc.
The bullfrog skeleton is engulfed in blazing flames.
You destroy the bullfrog skeleton!
The orc barely misses you.
Your Stealth skill increases to level 5!
Welcome back to level 5!
Unknown command.
Unknown command.
You closely miss the orc. The orc hits you with a +0 war axe!
You die...

...O...# .>.. ...... ##
##.. #...# #....# .#+ #.
#....##...###....#...###..#
...........##.(..#....#....
...#.............##......##
..#........##....##.......#
..#........##.............#
................@☼......##
....##......?...o#......#
.........#.##....##..#.#..
.......######........# ...
##..........##......... ..
.............#.......#....
..##...........#####.......
# ##..##.#...##. #........
#..#.o#............ ..#


You could see an orc.

Vanquished Creatures
  A howler monkey (D:5)
  An orc priest (D:5)
  2 bullfrog skeletons (D:5)
  Jessica (D:3)
  2 adders
  A gnoll (D:5)
  A worm (D:2)
  A dart slug (D:1)
  8 orcs
  2 endoplasms
  5 giant cockroaches
  4 goblins
  4 hobgoblins
  3 jackals (D:5)
  A quokka (D:3)
  A ball python (D:1)
  3 bats (D:3)
  A rat (D:3)
42 creatures vanquished.

Vanquished Creatures (others)
  79 foxfires
  A plant (D:5)
80 creatures vanquished.

Grand Total: 122 creatures vanquished

Notes
Turn   | Place    | Note
-------+----------+-------------------------------------------
     0 | D:1      | CurlyBrace the Felid Fire Elementalist began the quest for
                  | the Orb.
     0 | D:1      | Reached XP level 1. HP: 7/7 MP: 4/4
    97 | D:2      | Reached skill level 1 in Conjurations
   195 | D:3      | Reached skill level 3 in Stealth
   195 | D:3      | Reached XP level 2. HP: 6/11 MP: 0/6
   233 | D:3      | Noticed Ijyb
   309 | D:3      | Noticed Jessica
   315 | D:3      | Killed Jessica
   316 | D:3      | Reached XP level 3. HP: 7/14 MP: 1/7
   356 | D:3      | Noticed Purgy
   586 | D:4      | Reached XP level 4. HP: 7/18 MP: 3/8
   592 | D:4      | Learned a level 3 spell: Inner Flame
   605 | D:4      | Learned a level 3 spell: Conjure Flame
   610 | D:4      | Found an iron altar of Okawaru.
   629 | D:5      | Entered Level 5 of the Dungeon
   668 | D:5      | Found a runed translucent gate.
   668 | D:5      | Found a runed translucent gate.
   674 | D:5      | Noticed harness's ghost (novice DrTm)
   719 | D:5      | Reached skill level 1 in Hexes
   722 | D:5      | Reached skill level 4 in Stealth
   724 | D:5      | Reached XP level 5. HP: 3/21 MP: 7/10
   726 | D:5      | Slain by an orc priest
   727 | D:5      | Reached XP level 4. HP: -4/18 MP: 8/9
   754 | D:5      | Noticed an ogre
   771 | D:5      | Reached skill level 5 in Stealth
   771 | D:5      | Reached XP level 5. HP: 7/21 MP: 4/10
   771 | D:5      | Slain by an orc

Illustrated notes

Levels and vault maps discovered:
D:1:      beargit_arrival_diablo_church, layout_basic,
          hellmonk_ecumenical_altar_zigzags, serial_shops,
          nicolae_shop_waterfront
D:2:      layout_loops_ring, serial_shops, shop, hex_medium,
          minmay_misc_feat_room
D:3:      layout_basic, tgw_xom, uniq_ijyb, uniq_jessica, uniq_natasha,
          uniq_purgy
D:4:      layout_rooms, lemuel_tele_altar, cheibrodos_ashenzari_chains
D:5:      layout_cave_pools, mainiacjoe_overflow_boulevard,
          nemelex_diamond_rough_becter, biasface_ghost_orc_armoury,
          glass_columns_a

Skill      XL: |  1  2  3  4 |
---------------+-------------+-----
Conjurations   | 1 |  1.6
Dodging        | 3 4 |  4.8
Stealth        | 3 5 |  5.0
Fire Magic     | 3 |  3.1
Hexes          | 2 |  2.0
Spellcasting   | 3 |  3.0
Fighting       | |  0.4

Action                   |  1- 3 |  4- 6 || total
-------------------------+-------+-------++-------
Melee: Unarmed           |    40 |     8 ||    48
       Bite              |     3 |       ||     3
 Cast: Foxfire           |    36 |    11 ||    47
       Conjure Flame     |       |     1 ||     1
       Inner Flame       |       |     1 ||     1
Evoke: Wand              |       |     6 ||     6
  Use: Scroll            |     1 |     1 ||     2
       Potion            |       |     1 ||     1
 Stab: Sleeping          |     1 |       ||     1
Armor: Skin              |     7 |     1 ||     8
Dodge: Dodged            |    81 |    32 ||   113
